 Dungeon Crawl Stone Soup version 0.26-a0-660-gc07710193c (console) character file.

Game seed: 13340850828151984633

85904 jejorda2 the Fencer (level 15, -5/186 HPs)
             Began as a Minotaur Berserker on Oct 5, 2020.
             Was the Champion of Trog.
             Slain by Jorgrun
             ... wielding a +0 vorpal quarterstaff
              (11 damage)
             ... on level 2 of the Orcish Mines on Oct 6, 2020.
             The game lasted 01:27:22 (29003 turns).

jejorda2 the Fencer (Minotaur Berserker)           Turns: 29003, Time: 01:27:23

Health: -5/186     AC: 17    Str: 27    XL:     15   Next: 39%
Magic:  14/14      EV: 11    Int:  4    God:    Trog [******]
Gold:   1465       SH:  5    Dex: 11    Spells: 14/14 levels left

rFire    + + .     SeeInvis +   a - +2 triple sword (drain)
rCold    x . .     Faith    .   (shield currently unavailable)
rNeg     . . .     Spirit   .   M - +0 fire dragon scales
rPois    +         Reflect  +   I - +0 mask of the Dragon {MR+ Slay+3 SInv}
rElec    .         Harm     .   K - +0 cloak {rPois}
rCorr    +         Rampage  .   v - +0 pair of gloves
MR       ++...                  E - +0 pair of boots
Stlth    ..........             L - amulet of reflection
HPRegen  0.41/turn              (no ring)
MPRegen  0.14/turn              r - ring of resist corrosion

@: berserking, grasped by roots, constricted, studying 3 skills, very quick
A: retaliatory headbutt, horns 2
a: Berserk, Trog's Hand, Brothers in Arms, Renounce Religion


You were on level 2 of the Orcish Mines.
You worshipped Trog.
Trog was exalted by your worship.
You visited 3 branches of the dungeon, and saw 22 of its levels.
You also visited: Volcano.

You collected 2048 gold pieces.
You spent 583 gold pieces at shops.

Inventory:

Hand Weapons
 a - a +2 triple sword of draining (weapon)
 b - a +1 longbow of flaming
 f - a +4 scimitar of flaming
Missiles
 s - 7 curare-tipped darts (quivered)
 A - 237 arrows
 B - 10 javelins
Armour
 v - a +0 pair of gloves (worn)
 E - a +0 pair of boots (worn)
 I - the +0 mask of the Dragon (worn) {MR+ Slay+3 SInv}
   (You acquired it on level 2 of the Lair of Beasts)

   It affects your accuracy and damage with ranged weapons and melee attacks
   (+3).
   It affects your resistance to hostile enchantments.
   It lets you see invisible.
 K - a +0 cloak of poison resistance (worn)
 M - +0 fire dragon scales (worn)
Jewellery
 i - an uncursed ring of ice
 r - a ring of resist corrosion (right hand)
 G - an uncursed ring of ice
 L - an amulet of reflection (around neck)
Wands
 z - a wand of polymorph (6)
 C - a wand of digging (5)
 D - a wand of iceblast (14)
 J - a wand of flame (21)
 Q - a wand of acid (8)
Scrolls
 e - 2 scrolls of fear
 h - 5 scrolls of magic mapping
 o - 4 scrolls of enchant weapon
 w - 4 scrolls of teleportation
 y - 4 scrolls of remove curse
 H - 3 scrolls of fog
 R - 2 scrolls of enchant armour
Potions
 c - 6 potions of curing
 d - a potion of invisibility {unknown}
 g - a potion of magic {unknown}
 j - 7 potions of haste
 l - a potion of mutation
 m - 2 potions of stabbing
 p - 2 potions of lignification
 q - 2 potions of cancellation
 t - a potion of resistance
 u - 4 potions of might
 F - 2 potions of flight
 O - 2 potions of berserk rage
 P - a potion of heal wounds
Books
 k - a manual of Dodging
 N - a manual of Bows
 S - a manual of Armour
Miscellaneous
 n - a condenser vane (2/2)
 x - a lightning rod (4/4)


   Skills:
 - Level 9.0 Fighting
 * Level 19.7 Long Blades
 + Level 17.1 Bows
 + Level 12.1 Armour
 + Level 8.4 Dodging
 - Level 7.0 Evocations


You had 14 spell levels left.
You didn't know any spells.
Your spell library was empty.

Dungeon Overview and Level Annotations

Branches:
Dungeon (14/15)            Temple (0/1) D:7            Lair (6/6) D:9
  Swamp (0/4) Lair:3       Spider (0/4) Lair:2        Slime (0/5) Lair:6
    Orc (2/2) D:12            Elf (0/3) Orc:2        Vaults (0/5) D:13
Volcano (visited)

Altars:
Cheibriados
Elyvilon
Fedhas
Makhleb
Beogh
Jiyva

Shops:
D:7 }   D:10 (   D:13 ?   D:14 !   Orc:2 [

Portals:
Trove: D:13 (give 6 scrolls of blinking)

Annotations:
D:10 2 runed translucent doors, exclusions: 2 doors and orange crystal statue
Orc:2 Jorgrun


Innate Abilities, Weirdness & Mutations

You reflexively headbutt those who attack you in melee.
You have a pair of horns on your head.


Message History

a - a +2 triple sword of draining (weapon)
Your fire dragon scales prevents you from hitting Jorgrun.
Your headbutt misses Jorgrun.
Jorgrun is moderately wounded.
Jorgrun casts a spell at you. The iron shot hits you!!
* * * LOW HITPOINT WARNING * * *
The grasping roots constrict you!
A red film seems to cover your vision as you go berserk!
You feel yourself moving faster!
You feel mighty! Jorgrun barely misses you.
* * * LOW HITPOINT WARNING * * *
The grasping roots constrict you!
You slice Jorgrun!! Your headbutt misses Jorgrun.
Jorgrun is heavily wounded.
You barely miss Jorgrun. You headbutt Jorgrun.
Jorgrun is heavily wounded.
Jorgrun gestures at you while chanting. The iron shot hits you!!
* * * LOW HITPOINT WARNING * * *
You die...

. ###
##.##
#<@.#
#$g..$.#
##
#......##
##.
##.(.###
#.. #(..#
##. .((..
##. ..#.#
....
.(....
####


You could see Jorgrun.

Vanquished Creatures
  Agnes (D:14)
  Louise (D:14)
  Nessos (D:12)
  Fannar (D:11)
  A boulder beetle (D:14)
  Harold (D:7)
  9 hydras
  A centaur warrior (D:12)
  A catoblepas (Lair:6)
  A death knight (D:12)
  2 dancing weapons (D:13)
  2 two-headed ogres
  A tengu warrior (D:12)
  3 death yaks (Lair:6)
  Urug (D:12)
  Nergalle (Orc:1)
  A skeletal warrior (D:12)
  A fire crab (Volcano)
  2 unseen horrors
  Pikel (D:7)
  2 lindwurms
  A wolf spider zombie (D:13)
  3 deep elf magi
  4 ugly things
  2 cyclopes
  3 manticores
  7 elephants (Lair:6)
  9 black mambas
  Maurice (D:12)
  4 torpor snails
  4 gargoyles
  8 rime drakes
  12 cane toads
  3 freezing wraiths (D:12)
  10 komodo dragons
  A kobold demonologist (D:13)
  2 efreet
  A jumping spider (Lair:2)
  7 trolls
  A meliai (D:12)
  4 hornets
  2 tyrant leeches (Lair:3)
  A polar bear (Lair:6)
  2 dream sheep (Lair:6)
  4 slime creatures (D:14)
  26 blink frogs
  2 redbacks (Lair:2)
  A wraith (D:12)
  2 vampires
  2 shadows (D:14)
  9 fire bats (Volcano)
  7 wyverns
  14 basilisks
  5 hogs (D:12)
  53 yaks
  Eustachio (D:5)
  8 vampire mosquitoes (D:12)
  A steam dragon (D:12)
  2 wargs (Orc:1)
  6 water moccasins
  4 hell hounds (Volcano)
  A soldier ant (D:12)
  An eye of draining (D:11)
  4 sky beasts
  12 orc warriors
  2 necrophages
  2 ice beasts
  3 black bears
  8 wolves
  15 ogres
  A phantom (D:5)
  3 centaurs (D:8)
  A lemure (D:7)
  2 big kobolds
  11 bullfrogs
  3 wyvern skeletons
  2 wyvern zombies (D:12)
  3 scorpions
  A water moccasin skeleton (D:11)
  5 killer bees (D:12)
  4 electric eels
  A howler monkey (D:5)
  24 wights
  4 centaur zombies
  3 bullfrog zombies
  6 hounds
  7 lava snakes (Volcano)
  A jelly (D:13)
  Crazy Yiuf (D:2)
  5 centaur skeletons
  22 orc wizards
  3 bullfrog skeletons
  2 gnoll shamans
  15 orc priests
  11 iguanas
  8 hell rats (Lair:4)
  15 worker ants
  A hound zombie (D:7)
  2 hound skeletons (D:8)
  2 worker ant zombies
  8 gnolls
  11 adders
  2 shadow imps
  4 ufetubi
  4 oozes
  3 worms (D:3)
  4 dart slugs
  7 leopard geckos
  51 orcs
  2 ball pythons
  5 giant cockroaches
  9 goblins
  4 hobgoblins
  19 jackals
  2 quokkas
  A ball python skeleton (D:4)
  6 bats
  6 frilled lizards
  23 kobolds
  5 rats (D:1)
667 creatures vanquished.

Vanquished Creatures (collateral kills)
  Kirke (D:12)
  The ghost of Psyclone the Destroyer, a novice OpCj of Gozag (D:8)
  An elephant (D:9)
  A molten gargoyle (Volcano)
  A gargoyle (D:12)
  3 blink frogs (Lair:1)
  5 wraiths (D:8)
  3 yaks (Lair:1)
  A swamp worm (Lair:3)
  A water moccasin (Lair:1)
  A black bear (D:9)
  An orc warrior (D:12)
  7 wolves
  A jelly (D:12)
28 creatures vanquished.

Vanquished Creatures (others)
  5 bushes (Lair:6)
  33 fungi
  70 plants
108 creatures vanquished.

Grand Total: 803 creatures vanquished

Notes
Turn   | Place    | Note
-------+----------+-------------------------------------------
     0 | D:1      | jejorda2 the Minotaur Berserker began the quest for the
                  | Orb.
     0 | D:1      | Reached XP level 1. HP: 19/19 MP: 0/0
    69 | D:1      | Reached skill level 4 in Long Blades
   119 | D:1      | Reached XP level 2. HP: 27/27 MP: 1/1
   668 | D:1      | Reached XP level 3. HP: 33/33 MP: 2/2
   784 | D:1      | Reached ** piety under Trog
  1406 | D:2      | Reached XP level 4. HP: 34/40 MP: 3/3
  1516 | D:2      | Reached skill level 5 in Long Blades
  1871 | D:2      | Found a runed translucent door.
  1872 | D:2      | Noticed Crazy Yiuf
  1879 | D:2      | Killed Crazy Yiuf
  2286 | D:3      | Reached XP level 5. HP: 47/47 MP: 4/4
  2582 | D:3      | Reached *** piety under Trog
  3027 | D:4      | You fall into a shaft and drop 3 floors!
  3042 | D:7      | Reached skill level 6 in Long Blades
  3047 | D:7      | Reached skill level 5 in Fighting
  3047 | D:7      | Reached XP level 6. HP: 56/56 MP: 5/5
  3182 | D:5      | Entered Level 5 of the Dungeon
  3287 | D:4      | Reached skill level 7 in Long Blades
  3700 | D:4      | Reached XP level 7. HP: 56/62 MP: 6/6
  3718 | D:4      | Reached skill level 5 in Armour
  4129 | D:5      | Reached skill level 8 in Long Blades
  4364 | D:5      | Found a snail-covered altar of Cheibriados.
  4499 | D:5      | Noticed Eustachio
  4517 | D:5      | Killed Eustachio
  4517 | D:5      | Reached skill level 9 in Long Blades
  4521 | D:5      | Reached XP level 8. HP: 70/70 MP: 7/7
  4834 | D:6      | Found a white marble altar of Elyvilon.
  4851 | D:6      | Reached skill level 10 in Long Blades
  5268 | D:6      | Reached **** piety under Trog
  5959 | D:7      | Reached skill level 11 in Long Blades
  5974 | D:7      | Found Fekhloun's Gadget Boutique.
  6029 | D:7      | Found a staircase to the Ecumenical Temple.
  6239 | D:7      | Reached skill level 12 in Long Blades
  6361 | D:7      | Noticed Pikel
  6378 | D:7      | Killed Pikel
  6378 | D:7      | Reached XP level 9. HP: 73/75 MP: 8/8
  6383 | D:7      | Reached skill level 13 in Long Blades
  6776 | D:8      | Noticed Harold
  6806 | D:8      | Reached skill level 1 in Bows
  6828 | D:7      | Killed Harold
  6828 | D:7      | Reached skill level 14 in Long Blades
  6828 | D:7      | Reached skill level 5 in Bows
  7011 | D:8      | Reached XP level 10. HP: 81/83 MP: 9/9
  7152 | D:8      | Found a burning altar of Makhleb.
  7152 | D:8      | Noticed an Executioner
  7155 | D:8      | Noticed an orange demon
  7155 | D:8      | Noticed a smoke demon
  7238 | D:8      | Reached ***** piety under Trog
  7346 | D:8      | Found a runed translucent gate.
  7346 | D:8      | Found a runed translucent gate.
  7346 | D:8      | Found a runed translucent gate.
  7346 | D:8      | Noticed Psyclone's ghost (novice OpCj)
  7500 | D:8      | Killed Psyclone's ghost
  7769 | D:9      | Found a staircase to the Lair.
  7769 | D:9      | Noticed an elephant
  7774 | D:9      | Killed an elephant
  8033 | D:10     | Entered Level 10 of the Dungeon
  8122 | D:10     | Found the +10 tower shield of Ignorance {rN+ Int-4}
  8132 | D:10     | Found a runed translucent door.
  8132 | D:10     | Noticed an unseen horror
  8144 | D:10     | Killed an unseen horror
  8144 | D:10     | Reached skill level 10 in Bows
  8154 | D:10     | Noticed an orange crystal statue
  8167 | D:10     | Found a runed translucent door.
  8222 | D:10     | Found Fugaebb's Antique Weapon Shop.
  8297 | D:10     | Noticed a two-headed ogre
  8308 | D:10     | Killed a two-headed ogre
  8526 | D:10     | Reached XP level 11. HP: 89/89 MP: 10/10
  9664 | D:11     | You fall into a shaft and drop 1 floor!
  9757 | D:12     | Noticed a purple ugly thing
  9801 | D:12     | Killed a purple ugly thing
 10218 | D:11     | Paralysed by a hornet for 3 turns
 10765 | D:11     | Noticed a two-headed ogre
 10776 | D:11     | Killed a two-headed ogre
 11133 | D:11     | Reached skill level 1 in Evocations
 11160 | D:11     | Noticed Fannar
 11194 | D:11     | Killed Fannar
 11480 | Lair:1   | Entered Level 1 of the Lair of Beasts
 11649 | Lair:1   | Reached XP level 12. HP: 84/97 MP: 11/11
 12627 | Lair:1   | Noticed an eight-headed hydra
 12639 | Lair:1   | Killed an eight-headed hydra
 13319 | Lair:2   | Reached skill level 5 in Evocations
 13516 | Lair:2   | Found a hole to the Spider Nest.
 13879 | Lair:2   | Identified a scroll of acquirement
 13879 | Lair:2   | Acquired the +0 mask of the Dragon {MR+ Slay+3 SInv}
 13880 | Lair:2   | Found the +0 mask of the Dragon {MR+ Slay+3 SInv}
 13934 | Lair:2   | Reached skill level 5 in Dodging
 14276 | Lair:3   | Found a staircase to the Swamp.
 14411 | Lair:3   | Found a dark tunnel.
 14502 | Volcano  | Entered a volcano
 14959 | Volcano  | Found a burning altar of Makhleb.
 15595 | Lair:3   | Noticed a seven-headed hydra
 15605 | Lair:3   | Killed a seven-headed hydra
 15660 | Lair:3   | Reached XP level 13. HP: 106/111 MP: 12/12
 16364 | Lair:3   | Found a snail-covered altar of Cheibriados.
 17874 | Lair:4   | Reached skill level 15 in Long Blades
 18731 | Lair:4   | Received a gift from Trog
 19091 | Lair:4   | Reached skill level 16 in Long Blades
 20392 | Lair:6   | Entered Level 6 of the Lair of Beasts
 20658 | Lair:6   | Acquired a +2 triple sword of draining
 20660 | Lair:6   | Acquired a manual of Bows
 20777 | Lair:6   | Reached skill level 17 in Long Blades
 21138 | Lair:6   | Found a viscous altar of Jiyva.
 21138 | Lair:6   | Found a staircase to the Slime Pits.
 21399 | Lair:6   | Reached XP level 14. HP: 53/118 MP: 13/13
 22013 | Lair:6   | Reached skill level 10 in Armour
 22288 | Lair:6   | Reached skill level 18 in Long Blades
 22901 | Lair:6   | Got a flickering amethyst amulet
 22914 | Lair:6   | Identified the amulet "Atoi" {RegenMP MR+} (You found it on
                  | level 6 of the Lair of Beasts)
 23576 | D:12     | Noticed Kirke
 23581 | D:12     | Received a gift from Trog
 23584 | D:12     | Noticed Maurice
 23586 | D:12     | Noticed Urug
 23587 | D:12     | Killed Kirke
 23594 | D:12     | Killed Maurice
 23600 | D:12     | Killed Urug
 23764 | D:12     | Noticed Nessos
 23773 | D:12     | Killed Nessos
 24037 | D:12     | Found a blossoming altar of Fedhas.
 24068 | D:12     | Reached skill level 15 in Bows
 24159 | D:12     | Reached skill level 19 in Long Blades
 24573 | D:12     | Found a staircase to the Orcish Mines.
 25294 | D:13     | Acquired a manual of Dodging
 25570 | D:13     | Found a gate to the Vaults.
 25941 | D:13     | Reached XP level 15. HP: 108/124 MP: 14/14
 26153 | D:13     | Found a portal to a secret trove of treasure.
 26305 | D:13     | Found Eleobu's Magic Scroll Emporium.
 26308 | D:13     | Bought a scroll of acquirement for 572 gold pieces
 26308 | D:13     | Bought a scroll of random uselessness for 11 gold pieces
 26311 | D:13     | Acquired a manual of Armour
 26422 | D:14     | Noticed Agnes
 26436 | D:14     | Killed Agnes
 26852 | D:14     | Reached ****** piety under Trog
 27142 | D:14     | Noticed Louise
 27164 | D:14     | Killed Louise
 27164 | D:14     | Received a gift from Trog
 27165 | D:14     | Got a shimmering scimitar {god gift}
 27166 | D:14     | Identified the +2 scimitar of Rationality {vorpal, *Corrode
                  | Str+4 Int+3 Dex+4} (Trog gifted it to you on level 14 of
                  | the Dungeon)
 27602 | D:14     | Found Ubre's Distillery.
 27733 | Orc:1    | Entered Level 1 of the Orcish Mines
 27741 | Orc:1    | Noticed Nergalle
 27756 | Orc:1    | Killed Nergalle
 28077 | Orc:2    | Entered Level 2 of the Orcish Mines
 28077 | Orc:2    | Found a staircase to the Elven Halls.
 28300 | Orc:2    | Found a roughly hewn altar of Beogh.
 28308 | Orc:2    | Found Livie's Antique Armour Shoppe.
 28393 | Orc:2    | Found a roughly hewn altar of Beogh.
 28987 | Orc:2    | Noticed Jorgrun
 29003 | Orc:2    | HP: 6/186 [Jorgrun/iron shot (28)]
 29003 | Orc:2    | Slain by Jorgrun

Illustrated notes

Levels and vault maps discovered:
D:1:      eino_arrival_cavern_b, layout_loops_ring, chequers_hall_statues_wall_a
D:2:      kennysheep_big_flooded_room, layout_basic, uniq_crazy_yiuf_cottage
D:3:      minmay_door_path, layout_loops_ring
D:4:      layout_loops_cross
D:5:      layout_layer_cave, cheibriados_altar_1, uniq_eustachio
D:6:      layout_cave_pods, elyvilon_altar_1
D:7:      layout_rooms, temple_statues, serial_shops, shop, uniq_pikel
D:8:      layout_rooms, makhleb_altar_promises_db, gammafunk_ghost_spectres,
          minmay_misc_feat_encased, minmay_misc_feat_pillars, uniq_harold
D:9:      layout_big_octagon, david_lair_generic
D:10:     layout_roguey, serial_shops, shop, chequers_serial_rivers_micro_d,
          minmay_misc_feat_tiny, chequers_guarded_unrand_ignorance
D:11:     layout_grid_maze, minmay_misc_feat_secret_circle, uniq_fannar
D:12:     minmay_the_grid_triangle_9x9_line_8_mashed
          [minmay_the_grid_triangle_9x9_sparse_checkered,
          minmay_the_grid_triangle_9x9_cache,
          minmay_the_grid_triangle_9x9_descending_squares,
          minmay_the_grid_triangle_9x9_shrine,
          minmay_the_grid_triangle_9x9_longest,
          minmay_the_grid_triangle_9x9_negative_grid,
          minmay_the_grid_triangle_9x9_sprig,
          minmay_the_grid_triangle_9x9_prize_schism], layout_long_grid,
          orc_0_dummy, wad_floor_pattern_2, kennysheep_generic_room_11,
          uniq_kirke, uniq_urug, uniq_nessos, uniq_maurice
D:13:     layout_cave_pods, erik_vaults_1, serial_shops,
          nicolae_shop_behind_doors, serial_column_ruins,
          column_ruins_open_tiny, column_ruins_corridor_T,
          column_ruins_corridor_straight, column_ruins_grid_3,
          column_ruins_grid_1, nicolae_trove_entry_crystal, minmay_misc_feat_chi
D:14:     layout_loops_ring, minmay_misc_feat_rugged, serial_shops,
          nicolae_shop_trees, uniq_agnes, uniq_louise
Lair:1:   layout_hall_layers, chequers_serial_rivers_micro_d, grunt_megastairs_2
Lair:2:   layout_misc_corridors, spider_nest_entry_funnel_web, st_stairs_8,
          serial_bayou_shore_b, infiniplex_staircase_pool
Lair:3:   layout_small_grid, minmay_swamp_entry_worms,
          nicolae_volcano_entry_two_sided, serial_bayou, serial_bayou_lagoon_b,
          serial_bayou_lake_a, serial_bayou_pond_a, serial_bayou_shore_a,
          kennysheep_snail_temple
Lair:4:   layout_small_grid, special_room [special_room_mythical_zoo]
Lair:5:   layout_roguey, grunt_megastairs_4
Lair:6:   hangedman_lair_in_review, layout_loops_ring, slime_altar_1,
          minmay_hedge_maze
Orc:1:    layout_caves, uniq_nergalle
Orc:2:    grunt_orc_community_town_hall, layout_caves,
          grunt_orc_community_big_house_2, grunt_orc_community_big_house_1,
          grunt_orc_community_house_2, grunt_orc_community_house_1,
          grunt_orc_community_house_1, grunt_orc_community_house_2,
          grunt_orc_community_house_1, basic_altar, uniq_jorgrun

Skill      XL: |  1  2  3  4  5  6  7  8  9 10 11 12 13 14 15 |
---------------+----------------------------------------------+-----
Long Blades    | 4 5 6 7 9 12 14 17 19 | 19.7
Fighting       | 4 5 6 9 |  9.0
Armour         | 3 4 6 8 9 11 12 | 12.1
Bows           | 5 11 14 16 17 | 17.1
Evocations     | 3 7 |  7.0
Dodging        | 3 6 8 |  8.4

Action                   |  1- 3 |  4- 6 |  7- 9 | 10-12 | 13-15 || total
-------------------------+-------+-------+-------+-------+-------++-------
Melee: Falchion          |    67 |   141 |    82 |       |       ||   290
       Headbutt          |    13 |    25 |    46 |   101 |   166 ||   351
       Scimitar          |       |       |   141 |   524 |    69 ||   734
       Great sword       |       |       |       |       |   147 ||   147
       Triple sword      |       |       |       |       |   415 ||   415
 Fire: Shortbow          |       |       |       |   194 |   172 ||   366
       Longbow           |       |       |       |       |   180 ||   180
Throw: Dart              |       |     3 |     1 |     2 |       ||     6
       Javelin           |       |       |       |       |     1 ||     1
Invok: Berserk           |       |     1 |     3 |     5 |     6 ||    15
       Trog's Hand       |       |     1 |     2 |     5 |     4 ||    12
       Brothers in Arms  |       |       |       |     8 |     3 ||    11
Evoke: Wand              |       |       |       |     1 |     2 ||     3
       Lightning rod     |       |       |       |       |     3 ||     3
       Condenser vane    |       |       |       |       |     2 ||     2
  Use: Scroll            |       |     8 |     6 |    11 |    14 ||    39
       Potion            |       |       |     2 |     2 |     2 ||     6
 Stab: Sleeping          |     1 |       |       |       |       ||     1
       Distracted        |       |       |       |     1 |       ||     1
       Petrified         |       |       |       |       |     2 ||     2
Armor: Animal skin       |     7 |     3 |       |       |       ||    10
       Ring mail         |       |    25 |       |       |       ||    25
       Chain mail        |       |    34 |   138 |   241 |       ||   413
       Fire dragon scale |       |       |       |     3 |   241 ||   244
Dodge: Dodged            |    43 |    94 |   118 |   195 |   356 ||   806
Block: Other             |       |       |       |    15 |   133 ||   148
       Reflection        |       |       |       |     1 |     8 ||     9
       Rpst.: Falchion   |     7 |    22 |    14 |       |       ||    43
       Scimitar          |       |       |    10 |    49 |     9 ||    68
       Great sword       |       |       |       |       |    19 ||    19
       Triple sword      |       |       |       |       |    46 ||    46

Table legend: (Time is in decaauts)
 A = Elapsed time spent in this place.
 B = Non-inter-level travel time spent in this place.
 C = Inter-level travel time spent in this place.
 D = Time resting spent in this place.
 E = Time spent auto-exploring this place.
 F = Levels seen in this place.
 G = Mean time per level.
                   A        B        C        D        E       F      G
               +--------+--------+--------+--------+--------+-----+--------+
         Total |  28746 |  27454 |   1292 |   1003 |  21958 |  23 | 1249.8 |
       Dungeon |  15664 |  14786 |    878 |    232 |  11925 |  14 | 1118.9 |
          Lair |  10899 |  10540 |    359 |    140 |   9104 |   6 | 1816.5 |
  Orcish Mines |   1203 |   1149 |     54 |     12 |    884 |   2 |  601.5 |
       Volcano |    979 |    979 |      0 |    618 |     44 |   1 |  979.0 |
               +--------+--------+--------+--------+--------+-----+--------+

Top non-repeatable levels by time:
  Lair:6: 2957 daAuts
    D:12: 1988 daAuts
    D:11: 1985 daAuts
  Lair:4: 1799 daAuts
  Lair:3: 1717 daAuts
  Lair:1: 1654 daAuts
  Lair:2: 1540 daAuts
    D:13: 1471 daAuts
  Lair:5: 1229 daAuts
    D:10: 1177 daAuts
     D:2: 1081 daAuts
     D:1: 1051 daAuts
     D:6: 1011 daAuts
 Volcano: 979 daAuts
    D:14: 977 daAuts
